cohdb
Replays
Latest Replays
All Replays
Popular Replays
Top Player Replays
Match Explorer
How It Works
Community
CoH3 Stats
Reddit
Sign in to upload your games and track your stats! →
Sign in with Steam
Match 40328622
Unlisted
Match 40328622
Overview
Messages
Build Orders
End
Engineer Squad
Construct Barracks
Riflemen Squad
Selects Heavy Weapons
Riflemen Squad
Riflemen Squad
Mechanized Support Center
Construct Weapon Support Center
Selects M2HB .50cal Heavy Machine Gun
Construct Medical Station
Selects Assault Carriers
Bazooka Squad
Bazooka Squad
Selects Assault Carriers
Selects Exchangeable Parts
Fairlight
TheBananaEffect
Guii
AG Coalition
Unsafe
gskogowk
0
0
Comments
sign in to comment!
No comments posted yet!